 Dungeon Crawl Stone Soup version 0.18-a0-514-ga7d9996 (webtiles) character file.

413 Lektor the Slasher (level 6, 0/44 HPs)
             Began as a Demonspawn Gladiator on Dec 3, 2015.
             Was an Initiate of Makhleb.
             Succumbed to a worker ant's poison
             ... on level 6 of the Dungeon.
             The game lasted 00:22:33 (4014 turns).

Lektor the Slasher (Demonspawn Gladiator)           Turns: 4014, Time: 00:22:33

Health: 0/44       AC:  7    Str: 18      XL:     6   Next: 59%
Magic:  7/7        EV: 12    Int:  9      God:    Makhleb [......]
Gold:   206        SH:  0    Dex: 10 (13) Spells: 0 memorised, 5 levels left

rFire  . . .     SeeInvis .     w - -2 dagger (curse)
rCold  . . .     Clarity  .     b - +0 leather armour
rNeg   . . .     SustAt   .     (no shield)
rPois  .         Gourm    .     c - +0 helmet
rElec  .         Spirit   .     z - +1 cloak
rCorr  .         Dismiss  .     (no gloves)
rMut   .         Stasis   .     (no boots)
MR     +....                    (no amulet)
Stlth  ..........               v - ring of loudness (curse)
                                q - ring of protection from magic

@: lethally poisoned (0 -> -10), somewhat resistant to hostile enchantments,
extremely unstealthy
A: icy blue scales 1, demonic guardian 1
a: Renounce Religion


You were on level 6 of the Dungeon.
You worshipped Makhleb.
Makhleb was noncommittal.
You were not hungry.

You visited 2 branches of the dungeon, and saw 7 of its levels.
You also visited: Sewer.

You collected 206 gold pieces.

Inventory:

Hand Weapons
 a - a +0 long sword
 d - a +2 dagger of flaming
 o - a +0 dagger
 w - a cursed -2 dagger (weapon)
Missiles
 k - 18 bolts of frost
 r - 60 stones (quivered)
 s - 57 arrows
 t - 49 sling bullets
 x - 12 bolts of flame
 y - 13 silver sling bullets
Armour
 b - a +0 leather armour (worn)
 c - a +0 helmet (worn)
 n - a +0 chain mail
 z - a +1 cloak (worn)
Jewellery
 q - a ring of protection from magic (left hand)
 v - a cursed ring of loudness (right hand)
Scrolls
 h - a scroll of immolation
 p - a scroll of magic mapping
 u - 4 scrolls of identify
Potions
 m - a potion of flight
 B - a potion of degeneration
Comestibles
 e - 4 bread rations
 f - 3 meat rations
 l - 2 beef jerkies
 C - a royal jelly


   Skills:
 - Level 2.0 Fighting
 - Level 6.7 Long Blades
 - Level 1.7 Throwing
 - Level 2.6 Dodging
 + Level 1.6 Invocations


You had 5 spell levels left.
You didn't know any spells.

Dungeon Overview and Level Annotations

Branches:
Dungeon (6/15)             Temple (1/1) D:4

Altars:
Ashenzari
Cheibriados
Dithmenos
Elyvilon
Fedhas
Gozag
Kikubaaqudgha
Makhleb
Nemelex Xobeh
Okawaru
Qazlal
Ru
Sif Muna
Trog
Vehumet
Xom
Yredelemnul
Zin
The Shining One

Annotations:
D:4 Grinder
D:5 P0WERM0DE's ghost, amateur DsTm


Innate Abilities, Weirdness & Mutations

You are partially covered in icy blue scales (AC +1).
A weak demonic guardian rushes to your aid.


Message History

You barely miss the worker ant.
The worker ant is moderately wounded.
* * * LOW HITPOINT WARNING * * *
You feel sick. The worker ant misses you.
You barely miss the worker ant.
The worker ant is moderately wounded.
The worker ant bites you.
* * * LOW HITPOINT WARNING * * *
You barely miss the worker ant.
The worker ant is moderately wounded.
* * * LOW HITPOINT WARNING * * *
You feel sick. The worker ant barely misses you.
You hit the worker ant but do no damage.
The worker ant is moderately wounded.
* * * LOW HITPOINT WARNING * * *
You feel sick.
The worker ant bites you but does no damage.
You completely miss the worker ant.
The worker ant is moderately wounded.
You die...

###
.(#
...
#.#
#.#
#a#
#@#
###


You could see a worker ant.

Vanquished Creatures
  A big kobold (Sewer)
  A scorpion (D:4)
  An orc priest (D:4)
  An orc wizard (D:4)
  2 worker ants (D:4)
  A hound skeleton (D:4)
  5 adders
  5 gnolls
  A river rat (Sewer)
  A worm (D:2)
  7 giant geckos
  2 orcs (D:4)
  11 bats
  4 giant cockroaches
  13 goblins
  7 hobgoblins
  2 jackals (Sewer)
  4 kobolds
  A quokka (D:2)
  3 ball pythons
  A giant gecko skeleton (D:4)
  2 giant newts
  13 rats
89 creatures vanquished.

Notes
Turn   | Place    | Note
--------------------------------------------------------------
     0 | D:1      | Lektor the Demonspawn Gladiator began the quest for the Orb.
     0 | D:1      | Reached XP level 1. HP: 16/16 MP: 1/1
   123 | D:1      | Reached skill level 3 in Long Blades
   232 | D:1      | Gained mutation: You are partially covered in icy blue scales (AC +1). [demonic ancestry]
   232 | D:1      | Reached XP level 2. HP: 20/22 MP: 2/2
   817 | D:2      | Reached XP level 3. HP: 14/27 MP: 3/3
  1114 | D:2      | Reached skill level 4 in Long Blades
  1390 | D:3      | Reached XP level 4. HP: 9/33 MP: 4/4
  1559 | D:3      | Found a glowing drain.
  1581 | Sewer    | Entered a sewer
  1592 | Sewer    | Reached skill level 5 in Long Blades
  1688 | Sewer    | Noticed a big kobold
  1749 | Sewer    | Killed a big kobold
  1749 | Sewer    | Gained mutation: A weak demonic guardian rushes to your aid. [demonic ancestry]
  1749 | Sewer    | Reached XP level 5. HP: 20/38 MP: 5/5
  1949 | Sewer    | Found a white marble altar of Elyvilon.
  2751 | D:4      | Found a staircase to the Ecumenical Temple.
  2763 | Temple   | Entered the Ecumenical Temple
  2883 | Temple   | Became a worshipper of Makhleb the Destroyer
  2972 | D:4      | Reached skill level 6 in Long Blades
  2972 | D:4      | Reached XP level 6. HP: 35/44 MP: 6/6
  3754 | D:4      | Found a glowing golden altar of the Shining One.
  3856 | D:4      | Reached skill level 1 in Invocations
  3942 | D:4      | Noticed Grinder
  3947 | D:5      | Entered Level 5 of the Dungeon
  3947 | D:5      | Noticed P0WERM0DE's ghost (amateur DsTm)
  4012 | D:6      | HP: 2/44 [poisoned by a worker ant]
  4014 | D:6      | Succumbed to a worker ant's poison

Vault maps used:
D:1:      minmay_arrival_open_corners, serial_glass, glass_columns_b,
          glass_columns_a, item_on_display_a, due_unseen_surprise,
          feat_on_display, minmay_strange_pillars
D:2:      first_bread
D:3:      portal_sewer_entry_f, grunt_ministairs_14
D:4:      kennysheep_mini_moat, minmay_temple_entry_glass,
          minmay_goblin_outpost, uniq_edmund, uniq_grinder
D:5:      minmay_crystal_water, uniq_sigmund, uniq_crazy_yiuf_cottage,
          uniq_eustachio
D:6:      minmay_flawed_box
Temple:   kilobyte_greek_temple_18
Sewer:    sewer_kobolds

Action                   |  1- 3 |  4- 6 || total
-------------------------+-------+-------++-------
Melee: Long sword        |   146 |   169 ||   315
       Dagger            |       |   128 ||   128
Throw: Tomahawk          |       |    33 ||    33
       Javelin           |       |    17 ||    17
       Stone             |       |    14 ||    14
       Throwing net      |       |    11 ||    11
  Use: Scroll            |     2 |     8 ||    10
       Potion            |     1 |     8 ||     9
  Eat: Chunk             |     2 |     6 ||     8
       Bread ration      |       |     1 ||     1
